AoeStats
← chivalren

Glade

510469291Analyzed
1v1 RM · 2d ago on Oct 1, 2026· 37m 25s· 2 players
Game mode
Random Map
Map size
Tiny (2 player)
Population
200
Speed
Normal
Resources
Standard
Victory
Conquest
Starting age
Dark Age
Ending age
Imperial Age
RankedLock teamsTeams togetherTeam positionsShared explorationLock speedFull tech treeHidden civsTurbo modeCheats
Victory
Defeat
🇺🇸 Danes · United States
1206
+17
🇺🇸 Wei · United States
1219
-17
O.
1:45 Loom
10:34 Feudal Age
14:27 Castle Age
13:21 Double-Bit Axe
19:29 Horse Collar
23:21 Scale Mail Armor
32:46 Imperial Age
31:15 Forging
31:23 Town Watch
32:47 Bow Saw
32:57 Chain Mail Armor
35:09 Wheelbarrow
37:46 Hand Cart
chivalren
10:30 Feudal Age
14:41 Castle Age
12:41 Double-Bit Axe
13:18 Horse Collar
15:43 Bow Saw
17:18 Loom
20:28 Wheelbarrow
22:14 Fletching
23:24 Bodkin Arrow
32:33 Imperial Age
30:21 Hand Cart
30:10 Heavy Plow
31:15 Gold Mining
32:01 Ballistics
32:59 Gold Shaft Mining
34:08 Conscription
Connection lost

Rejoining the realm…

Still unreachable

The connection could not be restored.

Session expired

The server has moved on; the page needs a fresh start.